General information
- name: BNet
- type: Ladder 1vs1/FFA
- host: Battle.net
- saver: RedSnappleSushi
map: LostTemple
- players: 2
- length: 15:09
- speed: Fast
- version: 1.26 W3XP
- replay type: Public
» download(57 KB)
Players
team 1 (loser)
EZSTARZ (
teal | 852 APM | 12888 actions | 15:07)
3 Paladin
2 Holy Light
1 Divine Shield
1 Blood Mage
1 Siphon Mana
» actions
| Assign group hotkey | 28 | |
| Basic commands | 119 | |
| Build / train | 44 | |
| Enter build submenu | 23 | |
| Enter hero's abilities submenu | 4 | |
| Remove unit from queue | 5 | |
| Right click | 723 | |
| Select / deselect | 198 | |
| Select group hotkey | 1022 | |
| Use ability | 10722 | |
12888 total
» units
| Peasant | 8 | |
| Rifleman | 5 | |
| Mortar Team | 6 | |
| Priest | 2 | |
21 total
» upgrades
» buildings
| Altar of Kings | 1 | |
| Farm | 9 | |
| Blacksmith | 1 | |
| Barracks | 1 | |
| Lumber Mill | 1 | |
| Scout Tower | 5 | |
| Guard Tower | 4 | |
| Keep | 3 | |
| Arcane Vault | 1 | |
| Workshop | 2 | |
| Arcane Sanctum | 1 | |
| Castle | 1 | |
30 total
» build order
00:04 Altar of Kings
00:08 Farm
01:20 Blacksmith
01:27 Barracks
01:47 Lumber Mill
01:54 Farm
02:20 Scout Tower
02:49 Guard Tower
02:49 Guard Tower
03:13 Scout Tower
03:30 Keep
03:30 Keep
04:05 Farm
04:07 Guard Tower
05:02 Arcane Vault
05:07 Farm
05:53 Workshop
06:28 Workshop
07:09 Scout Tower
07:13 Scout Tower
07:24 Farm
07:27 Farm
07:37 Farm
07:40 Guard Tower
08:45 Farm
09:35 Arcane Sanctum
09:42 Farm
11:11 Castle
11:15 Scout Tower
» items
team 2 (winner)
RedSnappleSushi (
red | 78 APM | 1180 actions | 15:09)
4 Archmage
2 Blizzard
2 Brilliance Aura
2 Blood Mage
1 Flame Strike
1 Siphon Mana
» actions
| Assign group hotkey | 39 | |
| Basic commands | 30 | |
| Build / train | 102 | |
| Enter build submenu | 39 | |
| Enter hero's abilities submenu | 6 | |
| Give item / drop item | 7 | |
| Remove unit from queue | 3 | |
| Right click | 468 | |
| Select / deselect | 212 | |
| Select group hotkey | 135 | |
| Use ability | 139 | |
1180 total
» units
| Peasant | 27 | |
| Goblin Zeppelin | 1 | |
| Goblin Sapper | 4 | |
| Sorceress | 2 | |
| Goblin Shredder | 1 | |
| Dragonhawk Rider | 2 | |
37 total
» upgrades
| Masonry | 2 | |
| Swords | 3 | |
| Armor | 3 | |
| Animal War Training | 1 | |
| Sorceress Training | 2 | |
| Magic Sentry | 2 | |
| Cloud | 1 | |
14 total
» buildings
| Altar of Kings | 2 | |
| Farm | 9 | |
| Lumber Mill | 1 | |
| Arcane Vault | 1 | |
| Town Hall | 1 | |
| Scout Tower | 28 | |
| Arcane Tower | 3 | |
| Guard Tower | 10 | |
| Keep | 1 | |
| Blacksmith | 2 | |
| Castle | 1 | |
| Arcane Sanctum | 1 | |
| Barracks | 1 | |
| Gryphon Aviary | 3 | |
64 total
» build order
00:05 Altar of Kings
00:06 Altar of Kings
00:29 Farm
00:43 Farm
00:55 Lumber Mill
01:02 Arcane Vault
03:03 Town Hall
03:49 Scout Tower
03:50 Scout Tower
04:01 Scout Tower
04:10 Scout Tower
04:10 Scout Tower
04:14 Scout Tower
04:33 Arcane Tower
04:35 Arcane Tower
04:50 Arcane Tower
05:01 Scout Tower
05:03 Scout Tower
05:07 Scout Tower
05:09 Scout Tower
05:14 Scout Tower
05:15 Scout Tower
05:15 Scout Tower
05:19 Scout Tower
05:20 Scout Tower
05:35 Guard Tower
05:35 Guard Tower
05:48 Guard Tower
05:50 Guard Tower
05:54 Guard Tower
06:22 Guard Tower
06:28 Scout Tower
06:29 Scout Tower
06:30 Scout Tower
06:35 Keep
07:31 Guard Tower
07:36 Scout Tower
07:38 Scout Tower
07:39 Scout Tower
07:40 Scout Tower
08:06 Scout Tower
08:07 Scout Tower
08:08 Scout Tower
08:23 Blacksmith
08:24 Blacksmith
08:49 Guard Tower
08:53 Scout Tower
08:56 Scout Tower
08:59 Castle
09:01 Farm
09:21 Farm
09:25 Farm
09:33 Guard Tower
09:35 Arcane Sanctum
09:41 Barracks
09:44 Farm
09:45 Farm
09:45 Farm
11:16 Gryphon Aviary
11:16 Gryphon Aviary
11:17 Gryphon Aviary
11:28 Farm
12:09 Guard Tower
» items
| Lesser Clarity Potion | 3 | |
| Scroll of Regeneration | 4 | |
| Mechanical Critter | 4 | |
| Potion of Healing | 4 | |
| Potion of Mana | 2 | |
| Scroll of Town Portal | 1 | |
| Staff of Sanctuary | 1 | |
| Orb of Fire | 1 | |
| Periapt of Vitality | 1 | |
| Potion of Lesser Invulnerability | 1 | |
| Scroll of Healing | 1 | |
| Boots of Speed | 1 | |
24 total
Chat log
(12:36 / All) EZSTARZ: mass griffs?
(12:41 / All) RedSnappleSushi: lol noob
(12:46 / All) EZSTARZ: abuser?
(12:49 / All) RedSnappleSushi: pussy?
(12:51 / All) EZSTARZ: mass towers
(12:54 / All) EZSTARZ: call me a buser?
(12:57 / All) EZSTARZ: call me noob?
(12:58 / All) EZSTARZ: rofl
(12:59 / All) RedSnappleSushi: thanks i like your towers too
(13:00 / All) EZSTARZ: fucking idiot
(13:04 / All) RedSnappleSushi: get mad and leave?
(13:08 / All) EZSTARZ: stfu
(13:12 / All) RedSnappleSushi: lol